AoeStats
← Thiếu Tá Võ Nguyên GIáp

Arabia

509561337Analyzed
4v4 RM · 24d ago on Sep 27, 2026· 26m 16s· 8 players
Game mode
Random Map
Map size
Large (8 player)
Population
200
Speed
Normal
Resources
Standard
Victory
Conquest
Starting age
Dark Age
Ending age
Imperial Age
RankedLock teamsTeams togetherTeam positionsShared explorationLock speedFull tech treeHidden civsTurbo modeCheats
Victory
Defeat
🇹🇼 Persians · Taiwan
1262
+14
🇨🇳 Poles · China
1221
+15
1192
+16
🇻🇳 Franks · Vietnam
1187
+17
vs
🇮🇱 Mapuche · Israel
1262
-18
🇲🇽 Magyars · Mexico
1229
-17
🇺🇸 Portuguese · United States
1173
-14
🇨🇿 Georgians · Czechia
1150
-13
馬上贏
6:27 Loom
8:47 Feudal Age
9:40 Double-Bit Axe
15:01 Fletching
21:40 Castle Age
21:43 Crossbowman
22:18 Bodkin Arrow
23:14 Padded Archer Armor
25:24 Husbandry
26:03 Wheelbarrow
25:42 Bow Saw
Kyrieluo
10:11 Feudal Age
11:27 Loom
15:38 Forging
15:33 Scale Barding Armor
20:00 Bloodlines
19:54 Double-Bit Axe
25:29 Castle Age
23:37 Horse Collar
23:59 Stone Mining
26:36 Bow Saw
25:48 Light Cavalry
26:30 Husbandry
Vĩnh Nguyễn HCMCity
10:42 Feudal Age
17:00 Castle Age
25:30 Double-Bit Axe
Thiếu Tá Võ Nguyên GIáp
0:51 Loom
10:54 Feudal Age
12:25 Wheelbarrow
18:20 Castle Age
17:12 Scale Mail Armor
18:57 Double-Bit Axe
18:54 Horse Collar
21:56 Champi Runner
24:48 Squires
canijo2512
8:12 Loom
10:23 Feudal Age
11:21 Double-Bit Axe
11:17 Horse Collar
24:54 Castle Age
24:15 Bloodlines
23:58 Fletching
24:09 Padded Archer Armor
25:35 Bodkin Arrow
25:51 Bow Saw
25:44 Heavy Plow
voltic
10:50 Feudal Age
12:18 Loom
14:57 Bloodlines
16:00 Double-Bit Axe
16:38 Scale Barding Armor
16:44 Forging
24:11 Castle Age
22:02 Horse Collar
23:56 Fletching
24:06 Padded Archer Armor
25:08 Bow Saw
25:11 Heavy Plow
25:10 Bodkin Arrow
25:30 Leather Archer Armor
26:09 Crossbowman
Mike
9:13 Loom
11:29 Feudal Age
15:37 Castle Age
14:37 Double-Bit Axe
15:41 Horse Collar
16:24 Fletching
16:22 Horse Collar
17:07 Bow Saw
19:15 Bodkin Arrow
21:24 Padded Archer Armor
_JERZY_CZ_
10:39 Feudal Age
16:02 Bloodlines
19:58 Loom
Connection lost

Rejoining the realm…

Still unreachable

The connection could not be restored.

Session expired

The server has moved on; the page needs a fresh start.